 Dungeon Crawl Stone Soup version 0.28-a0-1518-gbe868bca14 (webtiles) character file.

Game seed: 10030304213915001469

868 Nattfarinn the Chopper (level 7, -3/60 HPs)
             Began as a Palentonga Fighter on Jan 17, 2022.
             Slain by Duvessa (10 damage)
             ... on level 4 of the Dungeon.
             The game lasted 00:06:15 (4341 turns).

Nattfarinn the Chopper (Palentonga Fighter)         Turns: 4341, Time: 00:06:16

Health: -3/60      AC: 12    Str: 22    XL:     7   Next: 73%
Magic:  7/7        EV:  8    Int:  8    God:
Gold:   175        SH:  4    Dex: 12    Spells: 6/6 levels left

rFire   . . .      SeeInvis +   a - +0 war axe
rCold   . . .      Faith    +   c - +0 buckler
rNeg    . . .      Spirit   .   h - +1 leather armour of the Quahog {rCorr Dex+3}
rPois   .          Reflect  .   (no helmet)
rElec   .          Harm     .   (no cloak)
rCorr   +          Rampage  .   (no gloves)
Will    .....                   (no barding)
Stlth   +.........              g - amulet of faith
HPRegen 0.20/turn               (no ring)
MPRegen 0.10/turn               (no ring)

@: mighty, curled up
A: large, rugged brown scales 3, see invisible, deformed body, roll 1, armoured
tail, reflexive curl
a: Rolling Charge


You were on level 4 of the Dungeon.
You visited 1 branch of the dungeon, and saw 4 of its levels.
You also visited: Sewer.

You collected 175 gold pieces.

Inventory:

Hand Weapons
 a - a +0 war axe (weapon)
Armour
 b - a +0 scale mail
 c - a +0 buckler (worn)
 h - the +1 leather armour of the Quahog (worn) {rCorr Dex+3}
   (You found it on level 2 of the Dungeon)

   Dex:       It affects your dexterity (+3).
   rCorr:     It protects you from acid and corrosion.
Jewellery
 g - an amulet of faith (around neck)
 l - a ring of resist corrosion
Scrolls
 e - 3 scrolls of identify {unknown}
 f - 2 scrolls of teleportation {unknown}
 i - 2 scrolls of summoning {unknown}
 j - 2 scrolls of fog {unknown}
 n - 2 scrolls of fear {unknown}
 o - a scroll of enchant armour {unknown}
Potions
 k - a potion of mutation {unknown}
 m - 2 potions of haste {unknown}
 p - 2 potions of magic {unknown}


   Skills:
 + Level 5.8 Fighting
 * Level 7.5 Axes
 - Level 2.4 Armour
 - Level 2.4 Shields


You had 6 spell levels left.
You didn't know any spells.
Your spell library was empty.

Dungeon Overview and Level Annotations

Branches:
Dungeon (4/15)              Sewer (visited)
 Temple: D:4-7

Altars:

Shops:
D:4 *

Annotations:
D:4 Duvessa


Innate Abilities, Weirdness & Mutations

You are completely covered in rugged brown scales. (AC +3, +7% HP)
You have supernaturally acute eyesight. (SInv)
Armour fits poorly on your strangely shaped body.
You can roll at nearby foes to attack.
You have a long armoured tail.
You curl defensively after being hit. (AC +7*)


Message History

Dowan barely misses you.
You feel very mighty all of a sudden. Dowan completely misses you.
Duvessa closely misses you.
You barely miss Dowan.
Dowan is heavily wounded.
You hit Duvessa. Dowan closely misses you. Duvessa barely misses you.
You miss Dowan.
Your tail-slap misses Dowan.
Dowan is heavily wounded.
You barely miss Duvessa.
Duvessa hits you with a +2 short sword of speed!
Dowan hits you but does no damage. Duvessa barely misses you.
You slice Dowan!!
You kill Dowan!
Duvessa screams, "No!
How DARE you!"
Duvessa goes berserk!
You barely miss Duvessa. You barely miss the dart slug.
Duvessa hits you with a +2 short sword of speed!
Duvessa hits you with a +2 short sword of speed.
The dart slug launches a dart at you.
The slug dart hits you but does no damage.
Duvessa hits you with a +2 short sword of speed.
Unknown command.
You slice Duvessa!!
Duvessa is moderately wounded.
You slash the dart slug! You block Duvessa's attack.
Duvessa closely misses you. You block the dart slug's attack.
Duvessa hits you with a +2 short sword of speed!!
* * * LOW HITPOINT WARNING * * *
Unknown command.
You hit Duvessa.
Your tail-slap misses Duvessa.
Duvessa is heavily wounded.
You hit the dart slug.
You kill the dart slug!
Duvessa barely misses you. Duvessa closely misses you.
Unknown command.
You barely miss Duvessa.
Duvessa is heavily wounded.
Duvessa hits you with a +2 short sword of speed!
* * * LOW HITPOINT WARNING * * *
Duvessa hits you with a +2 short sword of speed!
You die...

..#...#....#.# #.###
#)#.
...#.#..####'#####.#
#######.#.
...................#
#.........
#..###.##.#.......##
#......(..
#.......#..........#
#.........
#...###.###........#
#.######## ....#
#.###........# #.#
#≈≈.≈. #...#
#..###.###...#
#.##bl≈l≈.
....###..###.# #@..#
#.#bbb≈≈≈≈
#...<.....##.#.e)..?#
#.#######≈
...######.##.#......#
#.......#.
.............#......#
#.#######≈
...###...#.#.#......#
#.#b≈..≈≈≈ ...#
#...#.#.#......#
#.##≈≈...≈ ...#
#...#.#.#.[....# #.#
#..... ...#
#...#...########
#.######## ...#
#...##..# #.......#


You could see Duvessa (berserk).

Vanquished Creatures
  Sigmund (D:2)
  An acid dragon (D:4)
  A centaur (D:4)
  An ogre (D:4)
  A kobold brigand (Sewer)
  Dowan (D:4)
  An orc priest (D:4)
  Jessica (D:2)
  2 hound skeletons (D:4)
  7 adders
  4 gnolls
  4 river rats
  2 worms
  3 dart slugs
  6 orcs
  7 ball pythons
  8 bats
  5 endoplasms
  5 giant cockroaches
  5 goblins
  3 hobgoblins
  9 jackals
  3 kobolds
  2 quokkas (D:4)
  A frilled lizard (Sewer)
  10 rats
94 creatures vanquished.

Vanquished Creatures (others)
  23 fungi (D:4)
  20 plants (Sewer)
43 creatures vanquished.

Grand Total: 137 creatures vanquished

Notes
Turn   | Place    | Note
-------+----------+-------------------------------------------
     0 | D:1      | Nattfarinn the Palentonga Fighter began the quest for the
                  | Orb.
     0 | D:1      | Reached XP level 1. HP: 19/19 MP: 1/1
   145 | D:1      | Reached XP level 2. HP: 25/25 MP: 2/2
   331 | D:1      | Found a faded altar of an unknown god.
   412 | D:1      | Reached skill level 3 in Axes
   525 | D:1      | Reached XP level 3. HP: 24/31 MP: 3/3
   885 | D:2      | Noticed Sigmund
   894 | D:2      | Killed Sigmund
   895 | D:2      | Reached skill level 4 in Axes
   895 | D:2      | Reached XP level 4. HP: 23/40 MP: 4/4
   895 | D:2      | Reached XP level 5. HP: 27/46 MP: 5/5
  1107 | D:2      | Identified the +1 leather armour of the Quahog {rCorr
                  | Dex+3}
  1197 | D:2      | Noticed Jessica
  1201 | D:2      | Killed Jessica
  1202 | D:2      | Reached skill level 5 in Axes
  1606 | D:3      | Reached XP level 6. HP: 25/52 MP: 6/6
  2457 | D:4      | Found Cypun's Overcharged Wands.
  2671 | D:4      | Found a glowing drain.
  2675 | Sewer    | Entered a sewer
  3100 | Sewer    | Reached skill level 5 in Fighting
  3100 | Sewer    | Reached skill level 6 in Axes
  3671 | D:4      | Gained mutation: You curl defensively after being hit. (AC
                  | +7*) [Palentonga growth]
  3671 | D:4      | Reached XP level 7. HP: 44/59 MP: 7/7
  3861 | D:4      | Reached skill level 7 in Axes
  4332 | D:4      | Noticed Duvessa
  4332 | D:4      | Noticed Dowan
  4338 | D:4      | Killed Dowan
  4341 | D:4      | Slain by Duvessa

Illustrated notes

Levels and vault maps discovered:
D:1:      dpeg_arrival_rhombus, layout_rooms, ebering_ecumenical_altar_webs,
          kennysheep_another_room, hangedman_decor_riveting
D:2:      layout_rooms, uniq_sigmund, uniq_jessica
D:3:      layout_rooms, minmay_misc_feat_room
D:4:      layout_basic, gup_sewer_entry_spiral, serial_aquarium,
          aquarium_bridge_square [aquarium_subvault_bridge,
          aquarium_subvault_wall, aquarium_subvault_window,
          aquarium_subvault_balcony], aquarium_bridge_long_separate
          [aquarium_subvault_wall, aquarium_subvault_bridge,
          aquarium_subvault_wall, aquarium_subvault_window,
          aquarium_subvault_bridge, aquarium_subvault_bridge],
          aquarium_window_corridor_1, aquarium_window_2, aquarium_window_fake,
          aquarium_window_corner, aquarium_view_2f, aquarium_pool_corner,
          nicolae_shop_overcharged_wands, uniq_duvessa

Skill      XL: |  1  2  3  4  5  6  7 |
---------------+----------------------+-----
Axes           | 3 4 5 6 7 |  7.5
Fighting       | 4 5 |  5.8
Armour         | |  2.4
Shields        | |  2.4

Action                   |  1- 3 |  4- 6 |  7- 9 || total
-------------------------+-------+-------+-------++-------
Melee: War axe           |    84 |   152 |    32 ||   268
       Tailslap          |     8 |    26 |     3 ||    37
 Abil: Rolling Charge    |    16 |    11 |     5 ||    32
  Use: Potion            |       |       |     1 ||     1
Armor: Scale mail        |    46 |     4 |       ||    50
       Leather armour    |       |    29 |    12 ||    41
Dodge: Dodged            |    42 |    42 |    19 ||   103
Block: Buckler           |    19 |    30 |     7 ||    56

Table legend: (Time is in decaauts)
 A = Elapsed time spent in this place.
 B = Non-inter-level travel time spent in this place.
 C = Inter-level travel time spent in this place.
 D = Time resting spent in this place.
 E = Time spent auto-exploring this place.
 F = Levels seen in this place.
 G = Mean time per level.
                   A        B        C        D        E       F      G
               +--------+--------+--------+--------+--------+-----+--------+
         Total |   4607 |   4453 |    154 |    658 |   3121 |   5 |  921.4 |
       Dungeon |   3685 |   3531 |    154 |    630 |   2351 |   4 |  921.2 |
         Sewer |    922 |    922 |      0 |     28 |    769 |   1 |  922.0 |
               +--------+--------+--------+--------+--------+-----+--------+

Top non-repeatable levels by time:
     D:4: 1203 daAuts
     D:2: 1039 daAuts
   Sewer: 922 daAuts
     D:1: 813 daAuts
     D:3: 630 daAuts
